Map: Proxima Station LE

Players

uThermal

  • Race: Terran Terran
  • Spawn Location: 1:00

Kelazhur - Winner!

  • Race: Terran Terran
  • Spawn Location: 7:00

Event: WCS Jonkoping 2017

VOD

Have the link to the VOD?

Description

Time

  • Played on: June 19, 2017, 8:41 a.m.
  • Length: 11:35

All games in this series

Show
View Real Time Build Order
Export as new Build Order

uThermal Terran 

Build Orders: Reaper Expand, Bio Tank 

Get SALT Encoding   

  12  0:01  SCV  
  13  0:13  SCV  
  14  0:18  Supply Depot  
  14  0:25  SCV  
  14  0:27  Refinery  
  15  0:40  SCV  
  16  0:44  Barracks  
  16  0:52  SCV  
  17  1:04  SCV  
  18  1:16  SCV  
  19  1:31  Orbital Command, Reaper  
  20  1:43  Command Center  
  20  1:58  Factory  
  20  1:59  SCV  
  21  2:05  Barracks Reactor  
  21  2:11  SCV  
  22  2:18  Supply Depot  
  22  2:19  Refinery  
  22  2:23  SCV  
  23  2:40  SCV  
  24  2:45  Marine x2  
  24  2:50  Starport  
  26  2:52  SCV  
  26  2:53  Widow Mine  
  26  2:56  Orbital Command  
  29  3:03  Marine x2  
  29  3:04  SCV  
  32  3:16  SCV  
  33  3:23  SCV  
  33  3:24  Marine x2  
  33  3:26  Viking  
  38  3:27  Factory Tech Lab  
  38  3:28  SCV  
  38  3:33  Supply Depot  
  39  3:35  SCV  
  39  3:40  SCV  
  41  3:46  Marine  
  41  3:47  SCV  
  43  3:53  SCV  
  43  3:55  Marine  
  43  3:59  SCV  
  43  4:00  Factory Tech Lab  
  45  4:04  Command Center  
  45  4:05  Raven  
  45  4:06  Marine  
  48  4:10  SCV  
  48  4:12  SCV, Supply Depot  
  50  4:19  Siege Tank  
  50  4:22  SCV  
  50  4:24  Refinery  
  54  4:25  Refinery  
  54  4:33  Marine x2  
  54  4:34  SCV x2  
  58  4:40  Supply Depot  
  58  4:46  SCV x2  
  58  4:51  Raven  
  62  4:58  Engineering Bay  
  62  4:59  Engineering Bay  
  62  5:00  Supply Depot  
  62  5:02  Marine x2, SCV x2  
  66  5:12  Siege Tank  
  69  5:14  SCV, Supply Depot  
  69  5:15  SCV  
  71  5:24  Terran Infantry Weapons Level 1  
  71  5:25  Terran Infantry Armor Level 1, Marine  
  71  5:26  Marine, SCV  
  71  5:27  SCV  
  75  5:39  SCV x2, Barracks  
  75  5:40  Barracks  
  77  5:47  Siege Tank  
  77  5:51  SCV x2  
  79  6:02  Orbital Command, Viking x2  
  79  6:03  SCV  
  79  6:04  SCV  
  84  6:06  Marine  
  85  6:13  Stimpack  
  85  6:15  SCV  
  85  6:17  Missile Turret  
  84  6:21  SCV  
  84  6:22  Armory  
  84  6:23  Sensor Tower  
  84  6:25  Marine  
  86  6:28  SCV  
  86  6:29  SCV  
  86  6:32  Barracks Reactor x2  
  88  6:33  SCV  
  88  6:36  Supply Depot  
  89  6:41  SCV  
  89  6:42  Siege Tank  
  89  6:45  SCV, Supply Depot  
  93  6:50  SCV  
  93  6:54  SCV  
  94  6:59  SCV, Marine  
  95  7:02  SCV  
  95  7:06  SCV  
  92  7:11  SCV  
  92  7:12  Marine x2  
  92  7:14  SCV, Marine  
  94  7:16  Marine, Barracks  
  94  7:17  Marine, Barracks  
  93  7:28  SCV  
  93  7:29  Marine x2, Viking x2  
  98  7:32  Marine  
  98  7:34  Marine  
  98  7:35  Marine  
  103  7:37  SCV x2, Supply Depot  
  103  7:39  Sensor Tower  
  103  7:44  Refinery  
  105  7:47  Marine x2  
  105  7:48  Terran Infantry Weapons Level 2  
  107  7:52  Terran Infantry Armor Level 2  
  107  7:56  Marine, Terran Vehicle Weapons Level 1  
  107  7:58  SCV  
  109  7:59  SCV  
  109  8:00  SCV  
  111  8:05  Barracks Reactor  
  111  8:06  Barracks Reactor  
  111  8:10  Marine, Supply Depot x2  
  111  8:11  Refinery  
  111  8:12  Marine x2  
  114  8:13  Combat Shields  
  114  8:18  Supply Depot  
  114  8:22  Marine x2  
  114  8:23  Liberator x2, Supply Depot  
  114  8:26  Supply Depot  
  116  8:31  Siege Tank  
  116  8:32  Marine  
  116  8:34  Missile Turret  
  122  8:35  Missile Turret  
  122  8:37  Marine  
  122  8:38  Marine  
  128  8:46  Marine x2  
  128  8:48  Supply Depot  
  127  8:49  Supply Depot  
  127  8:54  Marine  
  127  8:55  SCV, Marine  
  128  8:57  SCV x2  
  128  8:59  Supply Depot  
  128  9:00  Marine  
  128  9:01  Marine  
  132  9:06  Marine  
  132  9:07  SCV  
  132  9:08  Siege Tank  
  132  9:09  SCV x2  
  136  9:12  Marine  
  137  9:18  Marine  
  137  9:19  Marine, SCV  
  137  9:20  Marine  
  137  9:21  SCV  
  142  9:24  Marine  
  142  9:27  Medivac  
  142  9:31  Medivac  
  147  9:33  Marine x2  
  149  9:40  Siege Tank, Marine x2  
  149  9:41  Factory  
  149  9:43  Marine  
  149  9:44  Marine, Refinery  
  156  9:46  Marine x2  
  156  9:48  Marine  
  156  9:52  Marine x2  
  160  9:58  Medivac  
  163  10:01  Medivac  
  163  10:02  Marine  
  163  10:04  Marine  
  167  10:15  Marine  
  167  10:16  Marine x2  
  167  10:17  Marine  
  167  10:18  Marine  
  167  10:20  Marine x2  
  167  10:21  Marine, Supply Depot  
  158  10:23  Siege Tank, Marine  
  158  10:28  Factory Tech Lab, Medivac  
  165  10:33  Marine x2  
  168  10:35  Marine  
  168  10:43  Marine, Supply Depot  
  168  10:44  Supply Depot  
  166  10:56  Marine  
  137  10:58  Marine x2  
  137  10:59  Siege Tank, Marine  
  137  11:02  Marine  
  140  11:04  Medivac  
  125  11:16  Marine x2  
Show
View Real Time Build Order
Export as new Build Order

Kelazhur Terran - Winner!

Build Orders: Reaper Expand, Bio Tank 

Get SALT Encoding   

  12  0:00  SCV  
  13  0:13  SCV  
  14  0:18  Supply Depot  
  14  0:25  SCV  
  14  0:27  Refinery  
  15  0:39  SCV  
  16  0:45  Barracks  
  16  0:51  SCV  
  17  1:03  SCV  
  18  1:16  SCV  
  19  1:31  Reaper  
  19  1:32  Orbital Command  
  20  1:45  Command Center  
  20  1:58  SCV  
  20  2:00  Factory  
  21  2:05  Barracks Reactor  
  21  2:10  Refinery  
  21  2:12  SCV  
  22  2:19  Supply Depot  
  22  2:25  SCV  
  23  2:41  SCV  
  24  2:46  Marine x2  
  24  2:49  Starport, Widow Mine  
  27  2:53  SCV  
  27  2:58  Orbital Command  
  28  3:05  SCV  
  29  3:07  Marine  
  29  3:08  Marine  
  31  3:17  SCV  
  32  3:23  SCV  
  32  3:24  Factory Tech Lab  
  32  3:25  Medivac  
  32  3:26  Marine x2  
  37  3:29  SCV  
  37  3:32  Supply Depot  
  38  3:35  SCV  
  39  3:44  SCV  
  39  3:45  Marine x2  
  39  3:48  SCV  
  43  3:56  SCV  
  43  4:00  SCV  
  43  4:02  Raven  
  47  4:03  Marine x2, Factory Tech Lab  
  47  4:05  Supply Depot  
  47  4:08  SCV  
  50  4:12  SCV  
  50  4:16  Refinery  
  51  4:20  SCV  
  51  4:21  Marine x2  
  54  4:26  Supply Depot  
  54  4:27  Siege Tank, SCV  
  58  4:32  SCV  
  59  4:39  SCV  
  59  4:44  SCV  
  61  4:47  Raven  
  61  4:49  Command Center, Supply Depot  
  63  4:54  SCV, Marine x2  
  63  4:59  SCV  
  67  5:03  Siege Tank  
  70  5:11  SCV  
  71  5:17  SCV, Engineering Bay, Refinery  
  71  5:18  Engineering Bay  
  72  5:22  Supply Depot  
  72  5:24  SCV  
  73  5:34  Marine  
  73  5:35  Stimpack  
  74  5:36  SCV  
  74  5:37  SCV, Barracks  
  74  5:41  Barracks  
  76  5:43  Starport Reactor  
  76  5:44  Siege Tank  
  76  5:46  Terran Infantry Armor Level 1, Supply Depot  
  79  5:53  SCV, Marine  
  81  5:57  SCV  
  81  6:00  Terran Infantry Weapons Level 1  
  82  6:05  Orbital Command  
  82  6:07  SCV  
  82  6:09  SCV  
  83  6:14  Marine  
  83  6:16  Siege Tank  
  87  6:19  SCV  
  87  6:21  SCV  
  90  6:27  Orbital Command  
  90  6:31  SCV  
  90  6:34  Starport Reactor, Barracks  
  90  6:35  Barracks  
  90  6:36  SCV  
  90  6:38  Marine x2  
  93  6:40  Marine x2, Armory  
  93  6:43  SCV  
  96  6:48  SCV  
  96  6:52  Siege Tank, Marine  
  102  6:54  SCV  
  102  6:55  Marine  
  102  6:56  Marine  
  102  6:58  Marine  
  99  7:08  Marine  
  99  7:10  Marine  
  99  7:11  SCV  
  99  7:13  Marine x2  
  99  7:15  SCV x2  
  104  7:17  Medivac x2  
  108  7:23  SCV  
  108  7:29  Marine, SCV  
  109  7:33  Barracks Reactor x2, Supply Depot  
  109  7:34  Marine x4  
  109  7:36  Supply Depot  
  112  7:37  SCV x2, Supply Depot  
  112  7:40  Refinery, Terran Vehicle Weapons Level 1  
  112  7:41  Siege Tank  
  112  7:42  Combat Shields  
  117  7:55  Marine x4, Medivac x2  
  117  7:57  Marine  
  126  7:59  Supply Depot  
  126  8:02  SCV x3  
  126  8:05  Supply Depot  
  129  8:09  Terran Infantry Armor Level 2, Marine  
  129  8:10  Marine  
  129  8:11  Marine x2  
  133  8:17  Marine x4  
  133  8:18  Marine, Terran Infantry Weapons Level 2  
  138  8:24  Supply Depot  
  138  8:27  Marine  
  138  8:28  Marine  
  140  8:44  Medivac x2  
  140  8:45  Siege Tank, Marine x4  
  140  8:46  Marine x4  
  155  8:49  SCV x3  
  155  8:50  Refinery  
  155  8:52  Marine  
  155  8:53  Supply Depot  
  155  8:54  Supply Depot  
  159  8:55  Supply Depot  
  159  9:03  Marine  
  159  9:04  Marine  
  159  9:05  Marine x4  
  159  9:07  Command Center  
  165  9:12  Factory  
  165  9:13  Supply Depot  
  165  9:14  Marine x3  
  167  9:24  Medivac  
  167  9:25  Marine x3, Medivac  
  167  9:26  Marine x2  
  167  9:28  Siege Tank  
  179  9:33  Barracks x2  
  179  9:37  Marine, Supply Depot  
  180  9:40  Marine x3  
  180  9:43  Marine x3  
  186  9:50  Marine x2  
  188  9:54  Marine  
  188  9:55  Supply Depot  
  189  10:00  Marine  
  189  10:01  Marine x5, Sensor Tower  
  195  10:08  Marine  
  194  10:18  Marine x6  
  197  10:54  Siege Tank, Marine  
  173  10:57  Marine  
  173  11:00  Marine  
  173  11:01  Marine x6  
  173  11:02  Barracks Reactor x2  
  176  11:04  Medivac x2  
  163  11:15  Marine  
  163  11:16  Marine  
  133  11:30  Factory Tech Lab  
Tags
 
Add a new tag
Caveats
  • Supply blocks, unpowered buildings, or Contaminate may cause inaccurate times.
  • Supply counts are checked every 10 seconds.